 Dungeon Crawl Stone Soup version 0.29.1-15-g9cfb28693d (webtiles) character file.

Game seed: 919622052778137708

2153 BuddhaDhamma the Cleaver (level 9, -1/62 (70) HPs)
             Began as a Minotaur Berserker on Mar 7, 2023.
             Was a Priest of Trog.
             Succumbed to a gnoll's poison
             ... on level 7 of the Dungeon.
             The game lasted 00:09:58 (7541 turns).

BuddhaDhamma the Cleaver (Minotaur Berserker)       Turns: 7541, Time: 00:09:59

HP:   -1/62 (70)    AC: 11    Str: 25    XL:     9   Next: 10%
MP:   8/8           EV:  7    Int:  4    God:    Trog [***...]
Gold: 386           SH:  0    Dex: 11    Spells: 8/8 levels left

rFire   . . .      SeeInvis +   s - +2 battleaxe
rCold   . . .      Faith    .   (shield currently unavailable)
rNeg    . . .      Spirit   .   r - +0 plate armour
rPois   .          Reflect  .   (helmet restricted)
rElec   .          Harm     .   (no cloak)
rCorr   .          Rampage  .   (no gloves)
Will    .....                   (no boots)
Stlth   ..........              (no amulet)
HPRegen 0.20/turn               g - ring of see invisible
MPRegen 0.11/turn               (no ring)

@: lethally poisoned (-1 -> -16), heavily drained
A: horns 2, retaliatory headbutt
a: Renounce Religion, Berserk, Trog's Hand


You were on level 7 of the Dungeon.
You worshipped Trog.
Trog was most pleased with you.
You visited 1 branch of the dungeon, and saw 7 of its levels.

You collected 386 gold pieces.

Inventory:

Hand Weapons
 s - a +2 battleaxe (weapon)
Missiles
 e - 8 boomerangs (quivered)
 p - 2 throwing nets
Armour
 r - a +0 plate armour (worn)
Jewellery
 g - a ring of see invisible (left hand)
Scrolls
 b - a scroll of magic mapping
 h - 5 scrolls of teleportation
 j - 3 scrolls of fear
 l - a scroll of amnesia
 o - 3 scrolls of poison
Potions
 a - 2 potions of flight
 c - 2 potions of mutation
 d - a potion of lignification {unknown}
 f - 3 potions of curing
 k - 3 potions of brilliance
 m - a potion of resistance
 n - a potion of cancellation


   Skills:
 - Level 3.6 Fighting
 + Level 14.5 Axes
 - Level 2.4 Armour
 - Level 2.1 Dodging


You had 8 spell levels left.
You didn't know any spells.
Your spell library was empty.

Dungeon Overview and Level Annotations

Branches:
Dungeon (7/15)             Temple (0/1) D:7

Altars:
Dithmenos
Qazlal
Uskayaw
Xom
Yredelemnul


Innate Abilities, Weirdness & Mutations

You have a pair of horns on your head.
You reflexively headbutt those who attack you in melee.


Message History

You are poisoned.
The gnoll sergeant hits you but does no damage.
A water moccasin comes into view.
You feel sick. The gnoll hits you but does no damage.
The gnoll sergeant hits you with a +0 spear!
Things that are here:
a +0 flail; a scroll of noise; a +0 club You slice the gnoll sergeant!!
You headbutt the gnoll sergeant, but do no damage.
The gnoll sergeant is severely wounded.
You slash the gnoll!
You feel sick.
The gnoll sergeant hits you with a +0 spear.
The gnoll barely misses you.
You hit the gnoll sergeant.
The gnoll sergeant is almost dead.
You barely miss the gnoll.
You feel sick.
The gnoll sergeant hits you with a +0 spear.
The gnoll hits you but does no damage.
You are more poisoned.
The gnoll sergeant blocks your attack.
The gnoll sergeant is almost dead.
You closely miss the gnoll.
You feel very sick.
The gnoll hits you with a +2 spear of venom.
* * * LOW HITPOINT WARNING * * *
The gnoll sergeant hits you but does no damage.
The gnoll sergeant blocks your attack. x2
The gnoll sergeant is almost dead.
You closely miss the gnoll.
You feel very sick.
The gnoll sergeant hits you but does no damage.
The gnoll hits you with a +2 spear of venom.
* * * LOW HITPOINT WARNING * * *
You feel sick.
The gnoll sergeant hits you from afar with a +0 spear!
* * * LOW HITPOINT WARNING * * *
The gnoll hits you but does no damage.
You are more poisoned.
Items here: ( )) [.
You die...

#..))).....).o......###
#.####.>.....o.o...##
#.# ###..########## #.#
#..# #.# ###..# #.#
#....# #.# #.##.#
#.####)##g###
#....)@))ggS#
######.####.....[ #.#
..⌠..> #.# ..... #.#
###.. ..# ⌠ .## .


You could see a water moccasin, a gnoll sergeant and 2 gnolls.

Vanquished Creatures
  Maggie (D:6)
  Edmund (D:5)
  A water moccasin (D:6)
  A sky beast (D:6)
  A black bear (D:4)
  2 centaurs (D:5)
  3 scorpions (D:5)
  9 wights (D:7)
  A howler monkey (D:6)
  3 hounds
  2 jellies
  An orc priest (D:4)
  A gnoll bouda (D:4)
  An iguana (D:5)
  3 orc wizards
  14 gnolls
  5 adders
  A shadow imp (D:4)
  2 white imps
  An ufetubus (D:5)
  4 worms
  2 dart slugs
  24 orcs
  4 ball pythons
  3 bats
  5 endoplasms
  3 giant cockroaches
  6 goblins
  8 hobgoblins
  2 quokkas
  6 frilled lizards
  3 kobolds
  2 rats (D:1)
  A spectral orc (D:4)
127 creatures vanquished.

Notes
Turn   | Place    | Note
-------+----------+-------------------------------------------
     0 | D:1      | BuddhaDhamma the Minotaur Berserker began the quest for the
                  | Orb.
     0 | D:1      | Reached XP level 1. HP: 19/19 MP: 0/0
   154 | D:1      | Reached skill level 4 in Axes
   256 | D:1      | Reached XP level 2. HP: 26/26 MP: 1/1
   916 | D:2      | Reached skill level 5 in Axes
   916 | D:2      | Reached XP level 3. HP: 31/31 MP: 2/2
  1356 | D:2      | Found a faded altar of an unknown god.
  1797 | D:3      | Reached ** piety under Trog
  1872 | D:3      | Found a shimmering altar of Xom.
  2335 | D:3      | Reached skill level 6 in Axes
  2335 | D:3      | Reached XP level 4. HP: 38/39 MP: 3/3
  2612 | D:4      | Found a basalt altar of Yredelemnul.
  2771 | D:4      | Reached XP level 5. HP: 23/45 MP: 4/4
  2838 | D:4      | Reached skill level 7 in Axes
  3040 | D:4      | Noticed a black bear
  3060 | D:4      | Killed a black bear
  3179 | D:4      | Reached skill level 8 in Axes
  3179 | D:4      | Reached XP level 6. HP: 51/51 MP: 5/5
  3907 | D:5      | Entered Level 5 of the Dungeon
  3926 | D:5      | Noticed Edmund
  3936 | D:5      | Killed Edmund
  3937 | D:5      | Reached skill level 9 in Axes
  4071 | D:5      | Reached XP level 7. HP: 57/57 MP: 6/6
  4111 | D:5      | Reached skill level 10 in Axes
  4303 | D:5      | Found a shadowy altar of Dithmenos.
  4842 | D:5      | Reached skill level 11 in Axes
  5347 | D:6      | Noticed Maggie
  5347 | D:6      | Found a stormy altar of Qazlal.
  5352 | D:6      | Reached XP level 8. HP: 64/64 MP: 7/7
  5357 | D:6      | Killed Maggie
  5358 | D:6      | Reached skill level 12 in Axes
  5370 | D:6      | Identified the +4 flail of Purpose {drain, rPois rC+ rCorr
                  | SInv}
  5410 | D:6      | Reached skill level 13 in Axes
  5666 | D:6      | Reached *** piety under Trog
  5905 | D:6      | Found a hide-covered altar of Uskayaw.
  6198 | D:7      | HP: 2/58 [wight/+4 hand axe of freezing (2)]
  6203 | D:7      | Reached skill level 14 in Axes
  6526 | D:7      | Reached XP level 9. HP: 36/63 MP: 8/8
  7528 | D:7      | Found a staircase to the Ecumenical Temple.
  7540 | D:7      | HP: 2/62 [gnoll sergeant/+0 spear (8)]
  7541 | D:7      | Succumbed to a gnoll's poison

Illustrated notes

Levels and vault maps discovered:
D:1:      roderic_octagonal_star, layout_rooms
D:2:      layout_basic, ebering_ecumenical_altar_sacrificial
D:3:      layout_loops_corners, mainiacjoe_overflow_24_doors,
          amcnicky_mini_rare_corridor_liquid, st_stairs_2,
          chequers_serial_rivers_micro_a, minivault_14,
          nicolae_figureground_pulse
D:4:      layout_basic, yredelemnul_forgotten_temple_becter
D:5:      layout_loops_corners, nicolae_dithmenos_through_a_glass_darkly,
          kennysheep_minor_cross, minmay_liquid_box, uniq_edmund
D:6:      layout_rooms, nicolae_qazlal_scattered_showers,
          nicolae_uskayaw_suspiria, uniq_maggie
D:7:      layout_loops_ring, okawaru_humans, minmay_temple_entry_junction,
          lightli_corner_chamber

Skill      XL: |  1  2  3  4  5  6  7  8 |
---------------+-------------------------+-----
Axes           | 4 5 6 8 9 11 14 | 14.5
Fighting       | |  3.6
Armour         | |  2.4
Dodging        | |  2.1

Action                   |  1- 3 |  4- 6 |  7- 9 || total
-------------------------+-------+-------+-------++-------
Melee: Hand axe          |    74 |    46 |       ||   120
       Headbutt          |    12 |    11 |    19 ||    42
       Punch             |     2 |       |     3 ||     5
       War axe           |       |    36 |   119 ||   155
       Battleaxe         |       |       |    46 ||    46
Throw: Boomerang         |     4 |     3 |       ||     7
Invok: Berserk           |       |     3 |     1 ||     4
  Use: Scroll            |       |    11 |     5 ||    16
Armor: Chain mail        |    30 |    28 |    26 ||    84
       Plate armour      |       |       |    63 ||    63
Dodge: Dodged            |    16 |    52 |    58 ||   126
